 Dungeon Crawl Stone Soup version 0.22-a0-48-g87706774e6 (webtiles) character file.

641 meguca1 the Basher (level 7, -2/58 HPs)
             Began as a Minotaur Berserker on Jan 7, 2018.
             Was a Priest of Trog.
             Slain by an iguana (10 damage)
             ... on level 4 of the Dungeon.
             The game lasted 00:08:06 (2625 turns).

meguca1 the Basher (Minotaur Berserker)             Turns: 2625, Time: 00:08:07

Health: -2/58      AC:  5    Str: 22    XL:     7   Next: 26%
Magic:  6/6        EV: 11    Int:  4    God:    Trog [***...]
Gold:   250        SH:  0    Dex: 11    Spells: 6/6 levels left

rFire    + . .     SeeInvis .   t - -2 flail (curse)
rCold    x . .     Gourm    .   (no shield)
rNeg     . . .     Faith    .   f - +0 ring mail
rPois    .         Spirit   .   (helmet restricted)
rElec    .         Reflect  .   (no cloak)
rCorr    .         Harm     .   (no gloves)
MR       .....                  (no boots)
Stlth    +.........             e - amulet of regeneration
HPRegen  0.59/turn              j - ring of fire
MPRegen  0.10/turn              (no ring)

@: lethally poisoned (-2 -> -2)
A: retaliatory headbutt, horns 2
a: Berserk, Trog's Hand, Burn Spellbooks, Renounce Religion


You were on level 4 of the Dungeon.
You worshipped Trog.
Trog was most pleased with you.
You were near starving.

You visited 1 branch of the dungeon, and saw 4 of its levels.

You collected 250 gold pieces.

Inventory:

Hand Weapons
 a - a +0 mace
 o - a +0 whip
 t - a cursed -2 flail (weapon)
Armour
 b - a +0 animal skin
 f - a +0 ring mail (worn)
Jewellery
 e - an amulet of regeneration (around neck)
 j - a ring of fire (left hand)
Wands
 s - a wand of paralysis (16)
Scrolls
 d - a scroll of enchant armour
 g - 3 scrolls of teleportation
 h - 2 scrolls of identify
 q - a scroll of remove curse {unknown}
Potions
 i - a potion of mutation {unknown}
 k - 3 potions of curing {unknown}
 l - a potion of cancellation {unknown}
 m - 2 potions of brilliance {unknown}
 n - 2 potions of heal wounds {unknown}
 p - a potion of ambrosia {unknown}
 r - a potion of haste {unknown}
Comestibles
 c - 8 rations


   Skills:
 + Level 3.7 Fighting
 + Level 10.0 Maces & Flails
 - Level 2.4 Armour
 - Level 2.1 Dodging
 + Level 0.8 Stealth


You had 6 spell levels left.
You didn't know any spells.

Dungeon Overview and Level Annotations

Branches:
Dungeon (4/15)
 Temple: D:4-7

Altars:
Vehumet
Yredelemnul
Beogh


Innate Abilities, Weirdness & Mutations

You reflexively headbutt those who attack you in melee.
You have a pair of horns on your head.


Message History

You feel sick.
The iguana bites you but does no damage.
The orc barely misses you.
The scorpion stings you but does no damage.
The iguana barely misses you. The orc hits you but does no damage.
The scorpion stings you!
* * * LOW HITPOINT WARNING * * *
You feel sick.
The iguana bites you but does no damage.
The scorpion closely misses you. The orc closely misses you.
You furiously retaliate!
You headbutt the orc. The iguana completely misses you.
The scorpion stings you.
* * * LOW HITPOINT WARNING * * *
The orc closely misses you. You furiously retaliate!
You headbutt the orc!
You kill the orc!
Trog accepts your kill.
You feel sick. The iguana barely misses you.
The scorpion stings you but does no damage.
The iguana bites you!
You die...

...... ..#
#...##...
...... #..##
#.......#
......
#...###.....###
#.....
#.........##
......
##.......###
......
.#......?.#
####..
..........# #
>.....s)).#....
......l@.......
......†........
#
...............
.
...............
.
...........###.
. ....####...#
. ..#. #..# .
... ..# .


You could see a scorpion and an iguana.

Vanquished Creatures
  The ghost of Cheet4h the Slasher, an amateur DrBe of Trog (D:4)
  A sky beast (D:4)
  2 orc priests (D:3)
  3 orc wizards
  2 centaur skeletons (D:4)
  A worker ant (D:4)
  A hound skeleton (D:4)
  4 adders
  3 gnolls (D:3)
  2 oozes
  2 worms (D:3)
  2 dart slugs (D:2)
  3 leopard geckos
  10 orcs
  A ball python (D:3)
  6 bats
  A giant cockroach (D:3)
  4 hobgoblins
  11 jackals
  4 quokkas
  7 frilled lizards
  4 goblins
  4 kobolds
  6 rats
85 creatures vanquished.

Notes
Turn   | Place    | Note
-------+----------+-------------------------------------------
     0 | D:1      | meguca1 the Minotaur Berserker began the quest for the Orb.
     0 | D:1      | Reached XP level 1. HP: 19/19 MP: 0/0
    77 | D:1      | Reached skill level 4 in Maces & Flails
   611 | D:2      | Reached XP level 2. HP: 26/26 MP: 1/1
   812 | D:2      | Reached skill level 5 in Maces & Flails
   841 | D:2      | Reached XP level 3. HP: 29/31 MP: 2/2
   938 | D:2      | Reached ** piety under Trog
  1173 | D:2      | Found a basalt altar of Yredelemnul.
  1350 | D:3      | Reached skill level 6 in Maces & Flails
  1350 | D:3      | Reached XP level 4. HP: 34/39 MP: 3/3
  1510 | D:3      | Reached skill level 7 in Maces & Flails
  1510 | D:3      | Reached XP level 5. HP: 16/45 MP: 4/4
  1790 | D:3      | Found a radiant altar of Vehumet.
  1890 | D:3      | Found a roughly hewn altar of Beogh.
  1915 | D:3      | Reached skill level 8 in Maces & Flails
  1915 | D:3      | Reached XP level 6. HP: 31/51 MP: 5/5
  2298 | D:4      | Noticed Cheet4h's ghost (amateur DrBe)
  2322 | D:4      | Killed Cheet4h's ghost
  2322 | D:4      | Reached *** piety under Trog
  2322 | D:4      | Reached skill level 9 in Maces & Flails
  2479 | D:4      | Reached XP level 7. HP: 56/57 MP: 6/6
  2613 | D:4      | Reached skill level 10 in Maces & Flails
  2625 | D:4      | Slain by an iguana

Vault maps used:
D:1:      mrwooster_arrival_statue_3, minmay_pentomino_r2
D:2:      kennysheep_six_static_rooms, first_ration, yredelemnul_altar_generic
D:3:      lemuel_doored_altar, kennysheep_orc_chapel

Skill      XL: |  1  2  3  4  5  6  7 |
---------------+----------------------+-----
Maces & Flails | 4 5 6 7 8 9 10 | 10.0
Fighting       | |  3.7
Armour         | |  2.4
Dodging        | |  2.1
Stealth        | |  0.8

Action                   |  1- 3 |  4- 6 |  7- 9 || total
-------------------------+-------+-------+-------++-------
Melee: Mace              |    81 |    60 |       ||   141
       Headbutt          |    13 |    24 |     1 ||    38
       Flail             |       |    67 |    10 ||    77
Invok: Berserk           |       |     3 |     1 ||     4
       Trog's Hand       |       |     1 |       ||     1
  Use: Scroll            |       |     5 |       ||     5
  Eat: Chunk             |     1 |     7 |       ||     8
Armor: Animal skin       |     1 |       |       ||     1
       Ring mail         |    37 |    43 |    15 ||    95
Dodge: Dodged            |    65 |    76 |    24 ||   165

Table legend:
 A = Spawn XP
 B = Non-spawn XP
 C = Spawn XP percentage of total XP
 D = Spawn monster count
 E = Non-spawn monster count
 F = Spawn count percentage of total count
 G = Total turns spent on level
                    A         B        C        D         E        F      G
               +---------+---------+-------+---------+---------+-------+---------
         Total |       0 |     916 |   0.0 |       0 |      85 |   0.0 |  2625
               +---------+---------+-------+---------+---------+-------+---------
           D:1 |       0 |      11 |   0.0 |       0 |       7 |   0.0 |   610
           D:2 |       0 |      77 |   0.0 |       0 |      28 |   0.0 |   676
           D:3 |       0 |     295 |   0.0 |       0 |      34 |   0.0 |   776
           D:4 |       0 |     533 |   0.0 |       0 |      16 |   0.0 |   563
               +---------+---------+-------+---------+---------+-------+---------
